Map: Ujari

Players

Kewl - Winner!

  • Race: Protoss Protoss
  • Spawn Location: 3:00

pta - Winner!

  • Race: Zerg Zerg
  • Spawn Location: 3:00

Kuniáš - Winner!

  • Race: Zerg Zerg
  • Spawn Location: 0:00

A.I. 3 (Harder)

  • Race: Terran Terran
  • Spawn Location: 9:00

A.I. 4 (Very Hard)

  • Race: Protoss Protoss
  • Spawn Location: 0:00

A.I. 5 (Harder)

  • Race: Protoss Protoss
  • Spawn Location: 9:00

VOD

Have the link to the VOD?

Description

Time

  • Played on: April 20, 2019, 6:16 p.m.
  • Length: 31:36
Show
View Real Time Build Order
Export as new Build Order

Kewl Protoss - Winner!

Build Orders:  

Get SALT Encoding   

  1  0:00  Probe  
  13  0:12  Probe  
  14  0:24  Probe  
  15  0:36  Pylon  
  15  0:52  Pylon  
  15  0:54  Probe  
  15  0:56  Pylon  
  16  1:02  Pylon  
  16  1:06  Probe  
  17  1:18  Forge  
  17  1:28  Gateway  
  17  1:32  Pylon  
  17  1:36  Assimilator  
  17  1:41  Assimilator  
  17  1:50  Pylon  
  17  1:57  Probe  
  18  2:11  Photon Cannon  
  18  2:14  Photon Cannon  
  18  2:16  Photon Cannon  
  18  2:33  Photon Cannon  
  18  2:36  Zealot  
  20  2:39  Probe  
  21  2:47  Probe  
  22  2:57  Probe  
  23  3:11  Nexus  
  23  3:17  Probe  
  23  3:25  Probe  
  24  3:31  Photon Cannon  
  25  3:40  Probe  
  26  3:43  Zealot  
  28  3:55  Photon Cannon  
  28  3:59  Photon Cannon  
  28  4:10  Photon Cannon  
  28  4:19  Zealot  
  30  4:29  Cybernetics Core  
  30  4:39  Probe  
  30  4:40  Photon Cannon  
  31  4:47  Probe  
  32  5:00  Photon Cannon  
  32  5:07  Photon Cannon  
  32  5:15  Photon Cannon  
  32  5:20  Probe  
  33  5:32  Probe  
  33  5:35  Stargate  
  34  5:42  Zealot  
  36  5:43  Probe, Protoss Shields Level 1  
  37  5:51  Probe  
  38  6:01  Probe  
  39  6:04  Photon Cannon  
  39  6:09  Photon Cannon  
  39  6:15  Probe  
  40  6:27  Probe  
  41  6:35  Photon Cannon  
  41  6:36  Probe  
  41  6:37  Photon Cannon  
  42  6:44  Probe, Assimilator  
  42  6:49  Zealot  
  42  6:50  Assimilator  
  42  6:54  Probe  
  46  7:06  Probe  
  47  7:10  Fleet Beacon  
  47  7:14  Zealot  
  47  7:18  Probe  
  47  7:21  Stargate  
  50  7:32  Photon Cannon  
  50  7:34  Probe  
  50  7:42  Probe  
  52  7:56  Nexus  
  52  8:02  Photon Cannon  
  52  8:21  Photon Cannon  
  52  8:23  Photon Cannon  
  52  8:30  Photon Cannon  
  52  8:32  Photon Cannon  
  52  8:34  Photon Cannon  
  52  8:37  Pylon  
  52  8:40  Tempest  
  62  8:54  Zealot  
  59  8:55  Twilight Council  
  59  9:00  Probe  
  50  9:12  Probe  
  49  9:18  Probe  
  49  9:21  Probe, Zealot  
  49  9:22  Assimilator  
  52  9:26  Assimilator  
  52  9:30  Probe  
  54  9:36  Nexus  
  54  9:39  Assimilator  
  54  9:42  Probe  
  54  9:43  Assimilator  
  55  9:46  Probe  
  55  9:48  Zealot  
  55  9:52  Tempest  
  58  9:54  Probe x2  
  58  9:55  Photon Cannon  
  65  10:02  Stargate  
  65  10:04  Probe  
  65  10:06  Probe  
  67  10:09  Stargate  
  67  10:15  Zealot, Protoss Air Weapons Level 1  
  67  10:18  Probe  
  70  10:24  Protoss Shields Level 2  
  70  10:28  Probe  
  70  10:34  Pylon  
  71  10:36  Probe  
  71  10:42  Photon Cannon x2  
  72  10:43  Zealot  
  72  10:44  Probe  
  75  10:51  Probe  
  75  10:52  Probe  
  77  10:59  Probe  
  77  11:01  Probe  
  77  11:02  Tempest  
  83  11:04  Tempest  
  83  11:09  Probe  
  83  11:10  Zealot  
  92  11:13  Probe  
  93  11:21  Probe, Photon Cannon  
  93  11:25  Probe  
  95  11:33  Probe  
  95  11:34  Probe  
  95  11:37  Zealot  
  99  11:43  Probe  
  99  11:45  Probe  
  101  11:53  Probe  
  101  11:57  Probe  
  103  12:05  Zealot  
  105  12:09  Probe  
  104  12:21  Probe  
  103  12:24  Protoss Air Armor Level 1  
  93  12:37  Tempest x2  
  93  12:39  Tempest  
  93  12:40  Tempest  
  93  12:41  Zealot  
  113  12:45  Charge  
  113  13:08  Zealot  
  115  13:17  Tempest  
  120  13:27  Pylon  
  120  13:28  Pylon  
  120  13:30  Pylon  
  120  13:31  Pylon  
  120  13:33  Pylon  
  120  13:35  Pylon, Zealot  
  120  13:38  Pylon  
  120  13:40  Pylon  
  122  13:42  Pylon  
  122  13:44  Pylon  
  122  13:45  Tempest x2  
  122  13:46  Tempest  
  122  13:48  Pylon  
  137  13:59  Pylon  
  137  14:01  Pylon  
  137  14:03  Zealot  
  137  14:05  Probe  
  140  14:11  Probe  
  140  14:13  Probe  
  141  14:19  Probe  
  141  14:23  Probe  
  143  14:25  Protoss Air Weapons Level 2  
  143  14:28  Tempest x2  
  143  14:29  Probe  
  143  14:30  Zealot  
  156  14:35  Probe  
  158  14:47  Probe  
  159  14:57  Zealot  
  148  15:20  Tempest x2  
  148  15:21  Tempest x2  
  158  15:24  Zealot  
  158  15:25  Protoss Shields Level 3  
  170  15:28  Probe  
  171  15:53  Probe  
  171  15:54  Tempest  
  171  16:03  Tempest x2  
  182  16:04  Tempest  
  182  16:07  Zealot  
  188  16:35  Zealot  
  185  16:47  Protoss Air Armor Level 2  
  183  17:02  Zealot  
  183  17:05  Tempest  
  183  17:06  Tempest x2  
  200  17:30  Nexus  
  200  17:33  Pylon  
  200  17:35  Assimilator  
  200  17:40  Assimilator  
  155  18:03  Tempest x2  
  155  18:04  Tempest x2  
  151  18:15  Zealot  
  151  18:17  Protoss Ground Weapons Level 1  
  128  18:42  Zealot  
  128  18:46  Tempest x2  
  128  18:47  Tempest x2  
  150  19:04  Protoss Air Weapons Level 3  
  150  19:06  Probe  
  150  19:09  Zealot  
  151  19:19  Probe  
  150  19:28  Tempest  
  150  19:29  Tempest x2  
  150  19:30  Tempest  
  150  19:31  Probe  
  171  19:36  Zealot  
  161  20:03  Zealot  
  163  20:11  Tempest x2  
  163  20:12  Tempest  
  163  20:13  Tempest  
  163  20:14  Probe  
  179  20:22  Probe  
  179  20:23  Photon Cannon  
  179  20:25  Protoss Ground Armor Level 1  
  180  20:54  Tempest  
  180  20:55  Tempest  
  180  20:56  Tempest  
  181  21:28  Tempest  
  176  21:37  Tempest  
  176  21:38  Tempest x2  
  186  21:45  Protoss Air Armor Level 3  
  186  22:11  Tempest  
  191  22:20  Tempest  
  192  22:54  Tempest  
  162  23:37  Tempest x3  
  162  23:46  Tempest  
  179  24:10  Zealot  
  179  24:19  Tempest  
  179  24:20  Tempest x2  
  189  24:28  Tempest  
  189  24:29  Protoss Ground Weapons Level 2  
  189  24:37  Zealot  
  191  25:02  Tempest  
  191  25:04  Zealot  
  194  25:30  Tempest  
  197  26:38  Tempest  
  197  26:39  Tempest  
  132  26:49  Tempest  
  132  26:50  Tempest  
  152  27:00  Zealot  
  154  27:03  Protoss Ground Armor Level 2  
  144  27:21  Tempest  
  144  27:22  Tempest  
  149  27:27  Zealot  
  151  27:31  Tempest  
  151  27:33  Tempest  
  161  27:54  Zealot  
  163  28:03  Tempest  
  163  28:05  Tempest  
  173  28:14  Tempest  
  173  28:16  Tempest  
  183  28:21  Zealot  
  181  28:46  Tempest  
  181  28:48  Tempest, Zealot  
  193  28:57  Tempest  
  198  29:15  Zealot  
  198  29:42  Zealot  
Show
View Real Time Build Order
Export as new Build Order

pta Zerg - Winner!

Build Orders: Pool First 

Get SALT Encoding   

  12  0:02  Drone  
  13  0:36  Spawning Pool, Drone  
  13  0:39  Overlord  
  13  0:41  Drone  
  15  1:04  Drone x2  
  15  1:09  Extractor  
  16  1:11  Drone  
  16  1:12  Extractor  
  15  1:25  Roach Warren  
  15  1:29  Drone  
  15  1:33  Queen  
  15  1:38  Drone  
  18  1:42  Drone  
  19  1:52  Drone  
  20  2:13  Drone  
  20  2:15  Drone  
  22  2:19  Lair  
  22  2:31  Overlord  
  22  2:50  Zergling x4  
  24  3:00  Drone x2  
  24  3:01  Drone  
  27  3:13  Zergling x2  
  28  3:29  Spine Crawler  
  28  3:31  Spine Crawler  
  28  3:32  Spine Crawler  
  25  3:38  Zergling x2  
  25  3:39  Zergling x4  
  25  3:40  Roach  
  30  3:47  Metabolic Boost  
  30  3:49  Glial Reconstitution  
  30  3:58  Evolution Chamber  
  30  4:02  Evolution Chamber, Drone  
  29  4:03  Drone  
  30  4:12  Overlord  
  30  4:43  Zergling x2  
  30  4:44  Zergling x2, Roach  
  30  4:45  Roach x2  
  38  4:46  Overlord  
  38  5:11  Hatchery  
  37  5:17  Roach  
  37  5:21  Drone  
  40  5:23  Drone  
  40  5:26  Drone  
  42  5:30  Drone  
  43  5:44  Zerg Ground Armor Level 1  
  43  5:51  Zerg Missile Weapons Level 1  
  43  6:01  Hydralisk Den  
  43  6:03  Drone x2  
  44  6:07  Drone  
  45  6:21  Drone  
  45  6:23  Overlord  
  46  6:28  Overlord  
  46  6:31  Extractor x2  
  44  6:34  Hydralisk  
  46  6:40  Hydralisk  
  46  6:46  Hydralisk  
  48  6:52  Hydralisk  
  52  6:57  Drone  
  52  6:58  Drone  
  54  7:02  Drone  
  55  7:10  Queen  
  57  7:22  Grooved Spines  
  59  7:30  Roach x2  
  61  7:45  Zerg Ground Armor Level 2  
  61  7:53  Hydralisk x2  
  59  8:32  Hydralisk x2  
  59  8:33  Muscular Augments, Hydralisk  
  65  8:35  Overlord x2  
  65  8:36  Overlord x2  
  65  8:38  Zergling x4  
  67  8:43  Zerg Missile Weapons Level 2  
  67  8:59  Drone x2  
  69  9:15  Spire  
  69  9:16  Lair, Spire  
  67  9:29  Infestation Pit  
  66  9:48  Drone x3  
  69  10:19  Overseer  
  69  10:20  Overseer  
  69  10:31  Hive  
  69  10:34  Overseer  
  69  10:43  Spire  
  69  10:46  Zerg Flyer Armor Level 1  
  68  10:53  Zerg Flyer Weapons Level 1  
  68  11:05  Roach  
  68  11:06  Roach x2  
  68  11:07  Roach x2  
  68  11:08  Roach x2  
  82  11:12  Overlord x2  
  82  11:29  Overseer  
  71  12:33  Mutalisk  
  71  12:34  Mutalisk x4  
  71  12:35  Mutalisk x2  
  71  12:36  Mutalisk  
  87  12:39  Corruptor  
  70  13:13  Zerg Ground Armor Level 3  
  70  13:18  Zerg Missile Weapons Level 3  
  70  13:49  Hatchery  
  70  13:52  Extractor  
  70  13:53  Extractor  
  67  13:56  Mutalisk x2  
  67  13:57  Mutalisk  
  67  13:58  Hydralisk x3  
  79  14:19  Drone x3  
  82  14:30  Lurker Den  
  81  14:32  Queen  
  83  14:41  Hydralisk  
  83  14:42  Hydralisk  
  87  14:49  Drone  
  87  14:50  Drone  
  89  14:53  Drone  
  89  14:56  Drone  
  89  14:59  Drone  
  92  15:03  Drone  
  93  15:07  Drone  
  93  15:10  Drone  
  93  15:13  Drone  
  96  15:24  Drone x3  
  99  15:34  Drone x3  
  102  15:41  Drone x3  
  102  15:42  Drone  
  106  15:47  Drone  
  106  15:48  Drone  
  108  15:50  Drone  
  109  15:57  Queen  
  111  16:05  Mutalisk  
  111  16:07  Mutalisk  
  115  16:11  Mutalisk  
  115  16:16  Mutalisk  
  59  16:47  Hydralisk x5  
  59  16:48  Hydralisk  
  59  16:49  Hydralisk  
  73  17:02  Spine Crawler  
  73  17:04  Spine Crawler  
  73  17:06  Spine Crawler  
  70  17:11  Spine Crawler  
  70  17:15  Spine Crawler  
  68  17:21  Lurker x4  
  72  17:28  Hydralisk  
  72  17:29  Hydralisk  
  76  18:08  Lurker x2  
  78  18:38  Hydralisk x2  
  78  18:39  Hydralisk  
  84  18:53  Drone  
  85  19:14  Lurker  
  85  19:15  Lurker x2  
  83  20:03  Hydralisk  
  83  20:04  Hydralisk x4  
  93  20:10  Hydralisk x5  
  93  20:11  Mutalisk  
  93  20:12  Mutalisk x2  
  109  20:15  Overlord  
  103  20:34  Lurker  
  103  20:35  Lurker x2  
  106  20:43  Lurker  
  107  21:12  Lurker  
  107  21:17  Overlord  
  107  21:18  Overlord x3  
  108  21:19  Overlord x4  
  98  22:57  Corruptor  
  98  22:58  Corruptor x3  
  102  22:59  Corruptor x2  
  102  23:00  Corruptor  
  102  23:01  Corruptor  
  102  23:02  Corruptor x2  
  118  23:16  Greater Spire  
  118  23:19  Zerg Flyer Armor Level 2  
  118  23:20  Zerg Flyer Weapons Level 2  
  118  23:36  Drone x2  
  118  23:37  Drone  
  121  24:35  Brood Lord  
  121  24:36  Brood Lord  
  121  24:37  Brood Lord  
  121  24:38  Brood Lord  
  128  24:57  Brood Lord  
  115  25:13  Zergling x10  
  115  25:14  Zergling x14  
  115  25:15  Zergling x14  
  115  25:16  Zergling x12  
  115  25:17  Zergling x14  
  115  25:18  Zergling x6  
  142  25:46  Brood Lord  
  144  25:52  Brood Lord  
  146  26:20  Brood Lord  
  148  26:48  Brood Lord  
  122  27:46  Brood Lord  
  117  28:08  Hydralisk  
  117  28:09  Hydralisk x4  
  117  28:10  Hydralisk  
  113  29:41  Zergling x4  
  113  29:42  Zergling x14  
  113  29:43  Zergling x14  
  113  29:45  Hydralisk x7  
  131  29:46  Hydralisk x3  
Show
View Real Time Build Order
Export as new Build Order

Kuniáš Zerg - Winner!

Build Orders: Pool First 

Get SALT Encoding   

  12  0:30  Spawning Pool  
  11  0:46  Overlord  
  11  0:52  Overlord  
  11  1:04  Drone x2  
  13  1:13  Drone  
  14  1:32  Queen  
  14  1:34  Drone x2  
  18  1:50  Drone  
  19  1:54  Drone  
  20  2:04  Drone  
  21  2:12  Spine Crawler  
  20  2:21  Spine Crawler  
  19  2:28  Spine Crawler  
  18  2:31  Drone x2  
  20  2:40  Drone  
  21  3:27  Drone x5  
  23  3:29  Overlord  
  26  3:41  Extractor  
  25  3:46  Extractor  
  24  3:50  Spine Crawler  
  24  3:53  Spine Crawler  
  22  3:58  Spine Crawler  
  21  4:06  Spore Crawler  
  20  4:18  Spine Crawler  
  19  4:24  Spine Crawler  
  19  4:26  Drone x3  
  21  4:48  Zergling x6  
  24  5:08  Drone x3  
  24  5:12  Drone x2  
  29  5:36  Evolution Chamber  
  29  5:40  Lair  
  28  5:58  Spine Crawler  
  27  6:05  Zergling x2  
  27  6:06  Zergling x4  
  27  6:08  Drone  
  27  6:09  Drone x4  
  35  6:54  Hatchery  
  35  6:58  Extractor  
  35  7:01  Extractor  
  32  7:23  Hydralisk Den  
  31  7:37  Zerg Missile Weapons Level 1  
  31  7:43  Zergling x12  
  36  8:45  Burrow  
  36  8:52  Drone  
  36  8:54  Drone x2  
  28  9:37  Muscular Augments  
  28  9:40  Zerg Missile Weapons Level 2  
  28  9:56  Queen  
  30  10:07  Overlord  
  30  10:08  Overlord  
  30  10:09  Overlord  
  30  10:15  Drone x3  
  33  10:47  Evolution Chamber  
  33  10:49  Grooved Spines  
  32  10:51  Queen  
  32  10:54  Drone x3  
  37  11:02  Metabolic Boost  
  37  11:08  Hydralisk  
  37  11:09  Hydralisk x5  
  48  12:01  Hydralisk x2  
  48  12:02  Hydralisk x4  
  60  12:19  Hydralisk x3  
  60  12:20  Hydralisk  
  68  12:23  Overlord  
  68  12:24  Overlord x3  
  68  12:27  Zerg Ground Armor Level 1  
  66  12:48  Hydralisk x5  
  66  12:49  Hydralisk x2  
  66  13:14  Drone x2  
  66  13:15  Drone x3  
  71  13:37  Drone  
  71  13:38  Drone x2  
  74  13:45  Zerg Melee Weapons Level 1  
  74  13:54  Infestation Pit  
  73  14:10  Drone  
  73  14:11  Drone x4  
  78  14:30  Spore Crawler  
  77  14:37  Spore Crawler  
  74  14:38  Queen  
  74  14:41  Hydralisk x3  
  74  14:42  Hydralisk x6  
  74  14:43  Hydralisk x4  
  96  14:50  Spore Crawler  
  95  14:56  Spore Crawler  
  94  15:14  Queen  
  96  15:26  Hatchery  
  95  15:53  Extractor  
  95  15:55  Overlord x2  
  95  15:56  Overlord  
  94  16:01  Drone x2  
  94  16:02  Drone x4  
  100  16:13  Overseer  
  100  16:15  Overseer  
  96  17:19  Drone x3  
  99  17:29  Zerg Ground Armor Level 2  
  99  17:35  Hive  
  99  18:05  Drone x2  
  101  18:06  Drone  
  101  18:08  Hydralisk x3  
  101  18:09  Hydralisk x6  
  101  18:10  Hydralisk x5  
  130  18:42  Overlord x2  
  130  18:43  Overlord x2  
  130  18:47  Zerg Missile Weapons Level 3  
  130  18:52  Overlord x3  
  130  19:06  Drone x3  
  133  19:10  Extractor  
  133  19:13  Extractor, Queen  
  73  20:14  Hydralisk x3  
  63  20:40  Overlord  
  63  20:41  Overlord  
  63  20:45  Hydralisk x5  
  63  20:46  Hydralisk x7  
  63  20:47  Hydralisk x5  
  63  20:49  Hydralisk x3  
  97  20:50  Hydralisk x4  
  111  21:08  Drone x3  
  111  21:09  Drone  
  115  21:16  Drone x3  
  118  21:20  Hydralisk  
  118  21:21  Hydralisk  
  122  21:50  Hydralisk  
  122  21:51  Hydralisk x7  
  122  21:52  Hydralisk  
  122  21:53  Hydralisk x3  
  146  22:05  Hydralisk x4  
  112  23:08  Zerg Ground Armor Level 3  
  112  23:34  Hydralisk x2  
  112  23:35  Hydralisk  
  112  23:36  Hydralisk  
  112  23:37  Hydralisk x7  
  112  23:38  Hydralisk x7  
  112  23:39  Hydralisk x3  
  154  24:10  Hydralisk x3  
  154  24:11  Hydralisk x5  
  154  24:12  Hydralisk x6  
  154  24:13  Hydralisk x2  
  186  24:41  Hydralisk x5  
  186  24:42  Hydralisk x2  
  138  27:14  Hydralisk x3  
  138  27:15  Hydralisk x7  
  144  27:16  Hydralisk x7  
  144  27:17  Hydralisk x2  
  170  27:56  Hydralisk x5  
  170  27:57  Hydralisk x6  
  170  27:58  Hydralisk x4  
  200  29:25  Hatchery  
Show
View Real Time Build Order
Export as new Build Order

A.I. 3 (Harder) Terran 

Build Orders:  

Get SALT Encoding   

  12  0:01  SCV  
  13  0:13  SCV  
  14  0:20  Supply Depot  
  14  0:25  SCV  
  15  0:41  SCV  
  16  0:45  Barracks  
  16  0:52  Refinery  
  16  0:53  SCV  
  17  1:05  SCV  
  18  1:17  SCV  
  19  1:23  Supply Depot  
  19  1:30  SCV  
  20  1:33  Marine  
  21  1:46  Orbital Command, Barracks  
  21  1:51  Marine  
  21  1:53  Refinery  
  22  2:09  Barracks Tech Lab  
  22  2:13  Supply Depot  
  22  2:27  Marine  
  23  2:32  Marine  
  24  2:45  Marine  
  24  2:50  Marine  
  26  2:51  Supply Depot  
  26  3:03  Marauder  
  28  3:06  SCV  
  28  3:08  Marine  
  30  3:18  SCV  
  30  3:19  Engineering Bay  
  31  3:24  Marine  
  31  3:26  Marine  
  33  3:29  Supply Depot  
  33  3:30  SCV  
  34  3:42  SCV  
  34  3:43  Marauder, Marine  
  38  3:54  SCV  
  39  4:01  Marine  
  40  4:04  Marauder  
  40  4:06  SCV  
  42  4:19  SCV  
  43  4:25  Marauder  
  45  4:37  Barracks Tech Lab  
  45  4:40  Factory  
  45  4:42  Ghost Academy  
  45  4:48  Stimpack  
  45  4:49  Factory  
  45  4:59  Combat Shield  
  45  5:08  Marine  
  45  5:13  Ghost  
  48  5:27  Terran Infantry Weapons Level 1  
  48  5:34  Starport  
  48  5:39  Factory Tech Lab  
  48  5:42  Factory Tech Lab  
  48  5:47  Missile Turret  
  48  5:51  Marauder  
  48  5:52  Missile Turret  
  48  5:55  Supply Depot  
  52  5:57  Marauder  
  52  6:00  Command Center  
  52  6:10  Starport Tech Lab  
  52  6:18  Concussive Shells  
  52  6:20  Ghost  
  54  6:29  Bunker  
  54  6:57  Raven  
  56  7:13  SCV x2  
  58  7:21  Terran Infantry Armor Level 1  
  58  7:25  SCV  
  58  7:27  SCV, Barracks  
  58  7:29  Refinery  
  60  7:31  Starport  
  60  7:32  Ghost  
  60  7:33  Refinery  
  58  7:37  SCV  
  58  7:38  Marauder  
  58  7:39  SCV  
  62  7:49  SCV  
  62  7:51  SCV  
  64  7:59  Raven  
  64  8:01  SCV  
  64  8:03  SCV  
  68  8:09  Starport Tech Lab  
  68  8:13  Sensor Tower  
  68  8:14  SCV  
  68  8:15  SCV  
  68  8:18  Supply Depot  
  70  8:23  Armory  
  70  8:24  Barracks Reactor  
  70  8:26  SCV  
  71  8:27  SCV  
  71  8:33  Hellion  
  74  8:38  SCV, Command Center  
  75  8:45  Siege Tank  
  78  8:51  Supply Depot  
  78  8:57  Siege Tank  
  81  9:07  Factory  
  79  9:15  Starport  
  79  9:20  Hellion  
  81  9:29  Siege Tank  
  84  9:33  Supply Depot  
  84  9:41  Siege Tank  
  87  9:46  Medivac  
  87  9:51  Factory Tech Lab  
  87  9:52  Starport Reactor  
  89  9:56  Refinery  
  89  9:57  Medivac  
  91  10:02  Hellion  
  93  10:13  Hellion  
  95  10:16  Medivac  
  95  10:19  Refinery  
  97  10:27  Raven  
  99  10:32  SCV  
  99  10:34  SCV  
  104  10:35  Siege Tank  
  104  10:38  Supply Depot  
  104  10:39  SCV  
  105  10:44  SCV  
  105  10:45  Siege Tank  
  105  10:46  SCV  
  110  10:52  SCV  
  110  10:53  Siege Tank  
  114  11:00  SCV x2  
  114  11:01  Supply Depot  
  114  11:04  SCV  
  117  11:07  Siege Tank  
  120  11:12  SCV  
  120  11:13  Terran Infantry Weapons Level 2  
  120  11:14  SCV  
  120  11:16  SCV  
  123  11:24  Supply Depot, SCV  
  124  11:26  SCV  
  124  11:28  SCV  
  126  11:33  Infernal Pre-Igniter  
  126  11:36  SCV  
  126  11:38  SCV  
  128  11:40  SCV  
  128  11:41  Terran Vehicle Weapons Level 1  
  129  11:48  SCV, Missile Turret  
  129  11:50  Supply Depot  
  129  11:53  Missile Turret  
  130  11:58  Hellion  
  120  12:01  Hellion  
  120  12:05  Marine  
  112  12:08  Marine  
  112  12:12  Marine  
  90  12:16  Marine  
  90  12:17  Raven  
  80  12:22  Marine  
  80  12:26  Marine  
  80  12:29  Raven  
  84  12:30  Marine  
  84  12:34  Marine  
  84  12:35  Thor  
  92  12:39  Siege Tank  
  92  12:42  Marine  
  96  12:46  Marine  
  96  12:49  Marine  
  96  12:51  Medivac  
  100  12:53  Cyclone  
  100  12:57  Marine  
  104  13:04  Raven  
  106  13:11  Thor  
  112  13:18  Siege Tank  
  115  13:25  Siege Tank  
  118  13:49  Supply Depot  
  118  13:50  Cyclone  
  118  13:53  Thor  
  127  13:57  Siege Tank, Terran Infantry Armor Level 2  
  130  14:04  Terran Vehicle And Ship Armor Level 1  
  130  14:09  Bunker  
  130  14:10  Command Center  
  130  14:14  Bunker  
  130  14:22  Thor  
  130  14:24  Engineering Bay  
  136  14:46  Marine  
  136  14:49  Terran Infantry Weapons Level 3, Marine  
  136  14:52  Medivac  
  127  14:53  Marine  
  127  14:57  Marine  
  127  14:59  Medivac  
  115  15:04  Marine  
  103  15:07  Marine  
  103  15:10  Raven  
  103  15:11  Cyclone, Marine  
  99  15:15  Marine  
  97  15:21  Marine  
  97  15:25  Marine  
  99  15:29  Marine  
  99  15:30  Refinery  
  99  15:32  Refinery  
  99  15:33  Marine  
  99  15:34  Siege Tank  
  104  15:36  Medivac  
  104  15:37  Siege Tank  
  104  15:38  Missile Turret  
  104  15:40  Marine  
  104  15:41  Missile Turret  
  110  15:43  Marine  
  110  15:46  Marine  
  112  15:50  Marine  
  112  15:53  Widow Mine  
  115  16:05  Marauder  
  115  16:07  Widow Mine, Raven  
  115  16:08  Ghost  
  115  16:09  Bunker  
  123  16:17  Marine  
  118  16:20  Marine  
  113  16:26  Marine  
  113  16:29  Medivac  
  114  16:35  Marine  
  114  16:37  Marauder, Raven  
  114  16:38  Marine  
  107  16:43  Marine  
  103  16:50  Raven  
  103  16:53  Marine  
  106  16:56  Marine  
  106  16:59  Marauder  
  106  17:01  Ghost, Widow Mine  
  111  17:04  Widow Mine  
  115  17:15  Terran Ship Weapons Level 1  
  115  17:19  Ghost  
  117  17:24  Starport Tech Lab, Personal Cloaking  
  117  17:28  Starport Tech Lab  
  117  17:29  Medivac, Marine  
  116  17:30  Ghost  
  116  17:32  Starport Tech Lab  
  116  17:33  Marine  
  116  17:36  Starport Tech Lab  
  118  17:42  Raven  
  115  17:47  Marine  
  115  17:48  Ghost  
  115  17:51  Marine  
  113  17:55  Raven  
  113  17:56  Hellion x2  
  110  17:58  Marine  
  110  18:05  Marine  
  105  18:08  Marine  
  107  18:16  Marine  
  107  18:17  Marine  
  109  18:23  Marine  
  109  18:25  Raven  
  109  18:26  Widow Mine, Marine  
  115  18:34  Ghost  
  115  18:35  Marauder  
  115  18:41  Marine  
  120  18:42  Terran Infantry Armor Level 3  
  120  18:44  Marine  
  121  18:55  Ghost  
  121  18:58  Marine  
  124  19:03  Marauder  
  124  19:05  Command Center  
  124  19:09  Terran Vehicle Weapons Level 2  
  126  19:15  Widow Mine  
  120  19:18  Marine  
  120  19:21  Marine  
  90  19:24  Marine  
  90  19:27  Marauder  
  88  19:35  Marine  
  88  19:37  Hellion  
  87  19:38  Marine  
  87  19:39  Hellion  
  87  19:41  Hellion  
  87  19:44  Marauder  
  94  19:47  Ghost  
  94  19:48  Raven  
  98  19:53  Marine  
  98  19:56  Marine  
  98  19:58  Hellion  
  102  20:00  Siege Tank  
  102  20:02  Siege Tank  
  102  20:05  Ghost  
  110  20:11  Marine  
  111  20:14  Marine  
  111  20:17  Marauder  
  111  20:19  Siege Tank  
  111  20:20  Medivac  
  119  20:24  Medivac, Raven  
  123  20:29  Marine  
  123  20:30  Refinery  
  123  20:32  Siege Tank, Marine  
  123  20:33  Missile Turret  
  123  20:34  Siege Tank, Marine  
  132  20:38  Marauder  
  132  20:41  SCV  
  134  20:45  SCV  
  134  20:47  Marine  
  134  20:49  SCV  
  132  20:50  SCV  
  132  20:51  Siege Tank  
  132  20:53  SCV, Marine  
  132  20:55  Marine  
  131  20:57  SCV, Missile Turret  
  131  20:59  Marine  
  118  21:04  SCV, Siege Tank, Marine  
  118  21:05  SCV  
  118  21:07  Hellion  
  118  21:10  SCV  
  117  21:20  Marine  
  117  21:21  Command Center  
  117  21:22  Marine  
  117  21:23  Siege Tank, Raven  
  117  21:25  Marine  
  117  21:27  Marine  
  117  21:29  Medivac  
  113  21:38  Marine  
  104  21:40  Marine  
  104  21:41  Siege Tank  
  104  21:43  Marine  
  104  21:44  Hellion, SCV  
  104  21:46  Viking  
  99  21:49  SCV  
  99  21:52  Marauder  
  101  21:56  Hellion, SCV, Marine  
  101  21:58  Viking  
  101  21:59  Marauder  
  101  22:01  Marine  
  107  22:05  Hellion  
  107  22:06  Medivac  
  109  22:13  Siege Tank  
  109  22:14  Marauder, Marine  
  112  22:16  Medivac  
  112  22:18  SCV  
  112  22:19  Marine x2  
  108  22:23  Hellion  
  108  22:28  Viking  
  109  22:30  Hellion, Starport  
  109  22:32  Marine  
  109  22:36  Raven, Marine  
  109  22:37  Marine x2  
  115  22:45  Widow Mine  
  115  22:49  Marine  
  118  22:53  Medivac, Command Center  
  118  22:54  Marine  
  118  22:55  Marine  
  122  23:10  Refinery, Starport Tech Lab  
  122  23:15  Marauder  
  122  23:19  Marauder, Raven  
  128  23:27  Viking  
  128  23:28  Refinery, Raven  
  132  23:37  Marauder  
  132  23:40  Siege Tank  
  137  23:43  Widow Mine  
  139  24:01  Thor  
  145  24:13  Missile Turret  
  145  24:24  Missile Turret  
  145  24:35  Fusion Core  
  145  24:49  Bunker  
  145  24:59  Viking  
  139  25:03  Viking  
  118  25:07  Hellion  
  118  25:11  Marauder  
  114  25:14  Hellion  
  114  25:18  Marauder  
  116  25:23  Hellion  
  99  25:28  Hellion  
  99  25:30  Viking  
  99  25:34  Marine  
  98  25:38  Marine  
  98  25:41  Viking  
  98  25:45  Marauder  
  98  25:49  Marine  
  86  25:52  Marine  
  86  25:53  Raven  
  79  25:57  Siege Tank  
  79  25:58  SCV x2  
  79  25:59  SCV  
  79  26:00  SCV  
  79  26:01  Marine  
  79  26:02  Raven  
  87  26:06  Marine  
  87  26:10  SCV  
  92  26:13  Hellion  
  92  26:15  SCV  
  92  26:18  Marauder  
  91  26:24  Marauder  
  91  26:28  SCV  
  91  26:29  Siege Tank  
  91  26:32  Command Center  
  79  26:34  Hellion, Marine  
  79  26:35  Viking  
  79  26:39  Factory, Marine  
  66  26:43  Marine  
  66  26:46  Marine  
  58  26:50  Viking  
  58  26:52  Marine  
  57  26:55  SCV  
  57  26:56  Hellion  
  57  26:57  Marine  
  48  27:01  SCV, Marine  
  48  27:03  Hellion  
  48  27:04  Marine  
  48  27:05  Viking  
  51  27:09  Marine  
  51  27:11  SCV  
  51  27:12  SCV  
  51  27:14  SCV  
  51  27:15  SCV  
  36  27:17  Hellion  
  36  27:19  Marine  
  36  27:22  Marine x2  
  34  27:23  SCV  
  34  27:25  Hellion  
  34  27:26  SCV, Hellion  
  34  27:27  SCV  
  31  27:35  SCV  
  21  27:37  Marine  
  21  27:38  SCV  
  21  27:39  Hellion, SCV, Marine  
  21  27:50  SCV  
  14  27:54  Marine  
  14  27:57  Marine  
  13  28:02  SCV  
  8  28:06  Refinery  
Show
View Real Time Build Order
Export as new Build Order

A.I. 4 (Very Hard) Protoss 

Build Orders:  

Get SALT Encoding   

  12  0:01  Probe  
  13  0:13  Probe  
  14  0:21  Pylon  
  14  0:25  Probe  
  15  0:35  Probe  
  15  0:41  Gateway  
  16  0:43  Probe  
  16  0:49  Assimilator  
  17  0:53  Probe  
  18  1:01  Probe  
  18  1:02  Pylon  
  18  1:09  Probe  
  20  1:19  Probe  
  21  1:29  Zealot  
  21  1:30  Cybernetics Core  
  21  1:31  Probe  
  24  1:44  Probe  
  25  1:56  Gateway, Zealot  
  25  1:58  Probe  
  25  1:59  Pylon  
  27  2:22  Warp Gate  
  27  2:26  Nexus  
  27  2:29  Probe  
  28  2:41  Probe, Assimilator  
  29  2:50  Adept  
  31  2:53  Probe  
  31  2:56  Adept  
  34  3:05  Probe  
  34  3:07  Pylon  
  35  3:16  Stalker  
  35  3:18  Probe  
  38  3:30  Probe  
  39  3:38  Probe  
  39  3:39  Robotics Facility  
  40  3:41  Adept  
  40  3:42  Probe  
  42  3:50  Probe  
  42  3:54  Probe  
  44  3:58  Adept  
  44  4:02  Probe  
  47  4:06  Probe  
  48  4:10  Probe  
  49  4:18  Probe x2  
  49  4:19  Adept  
  49  4:21  Pylon  
  53  4:28  Probe  
  53  4:30  Probe  
  55  4:33  Immortal  
  55  4:37  Probe, Stalker  
  61  4:43  Probe  
  61  4:44  Pylon  
  61  4:45  Probe  
  63  4:50  Stalker  
  66  4:55  Probe x2  
  68  5:00  Robotics Facility  
  68  5:03  Stalker  
  70  5:10  Probe  
  70  5:12  Immortal  
  75  5:15  Probe  
  76  5:22  Pylon  
  76  5:23  Sentry  
  76  5:24  Pylon  
  78  5:29  Twilight Council  
  78  5:37  Probe, Assimilator  
  78  5:40  Probe  
  80  5:47  Gateway  
  80  5:54  Pylon  
  80  5:56  Assimilator  
  80  5:58  Probe  
  80  6:01  Probe  
  80  6:04  Zealot  
  84  6:07  Zealot  
  84  6:09  Templar Archives  
  86  6:16  Pylon  
  86  6:19  Probe x2  
  86  6:23  Zealot  
  90  6:27  Zealot  
  92  6:36  Zealot  
  92  6:39  Gateway  
  94  6:41  Zealot  
  96  6:47  High Templar, Pylon  
  98  6:54  Stalker  
  98  6:57  Zealot  
  102  7:08  Psionic Storm  
  102  7:11  Pylon  
  102  7:12  Observer, High Templar  
  102  7:14  Forge  
  102  7:15  Nexus  
  105  7:17  Sentry  
  105  7:20  Zealot  
  109  7:25  Pylon  
  109  7:32  Zealot  
  111  7:40  Zealot x2  
  115  7:44  Zealot  
  115  7:49  Pylon  
  117  7:52  Zealot  
  119  8:00  High Templar, Pylon  
  119  8:01  Stalker  
  119  8:04  Zealot  
  111  8:07  Zealot  
  111  8:09  Robotics Bay  
  95  8:17  Observer  
  81  8:23  Archon  
  81  8:24  High Templar, Stalker  
  81  8:25  Zealot  
  83  8:28  Probe  
  83  8:29  Probe x2  
  83  8:32  Zealot  
  88  8:38  Assimilator  
  88  8:40  Probe  
  90  8:41  Probe  
  90  8:42  Assimilator  
  90  8:43  Probe  
  90  8:45  Adept  
  90  8:47  High Templar  
  95  8:52  Probe  
  95  8:53  Probe, Stalker  
  95  8:55  Probe, Colossus  
  100  8:57  Stalker  
  108  9:04  Probe  
  108  9:05  Probe, Zealot  
  108  9:06  Archon  
  108  9:07  Probe  
  113  9:12  Stalker  
  113  9:16  Probe, Zealot  
  118  9:18  Probe  
  118  9:19  Probe, Zealot  
  122  9:25  Zealot  
  122  9:26  Probe  
  122  9:28  Probe x2  
  126  9:33  Sentry  
  126  9:36  Adept  
  131  9:40  High Templar  
  131  9:42  Colossus  
  139  9:46  Zealot  
  139  9:50  Pylon, Colossus  
  141  9:56  Stalker, Zealot  
  151  10:06  Zealot  
  153  10:10  Zealot  
  153  10:12  Stalker  
  157  10:15  Pylon  
  157  10:20  High Templar  
  159  10:26  Colossus, Zealot  
  159  10:28  Zealot  
  163  10:36  Stalker  
  163  10:37  Archon  
  163  10:38  Warp Prism, Pylon  
  171  10:48  High Templar x2  
  177  11:02  Pylon  
  177  11:09  Forge  
  177  11:13  Archon  
  177  11:15  Observer, High Templar  
  177  11:16  Photon Cannon  
  180  11:19  Warp Prism  
  180  11:20  Pylon  
  180  11:21  Colossus  
  180  11:22  Gateway, High Templar  
  184  11:27  Photon Cannon  
  184  11:31  Photon Cannon  
  184  11:35  Photon Cannon  
  190  11:40  Photon Cannon  
  190  11:44  Photon Cannon  
  190  11:48  Pylon  
  190  11:53  Stargate  
  190  11:55  Colossus  
  196  12:10  Observer  
  196  12:13  Photon Cannon  
  196  12:14  Nexus  
  196  12:26  Void Ray  
  195  12:31  Observer, Photon Cannon  
  195  12:35  Photon Cannon  
  196  12:44  Zealot  
  196  12:45  Zealot x2  
  196  12:46  Zealot x2  
  196  12:49  Immortal  
  162  12:52  Observer  
  135  12:59  Void Ray  
  135  13:04  Zealot  
  135  13:05  Zealot x2  
  118  13:06  Sentry  
  118  13:07  Zealot  
  118  13:11  Immortal  
  126  13:24  Zealot  
  126  13:25  Stalker, Zealot  
  126  13:26  Stalker  
  134  13:29  Zealot  
  136  13:38  Void Ray  
  136  13:42  Zealot  
  136  13:43  Assimilator  
  136  13:44  Adept  
  136  13:45  Adept  
  136  13:48  Assimilator, Zealot  
  146  13:49  Zealot  
  146  13:55  Stalker  
  152  14:01  Colossus  
  158  14:05  Stalker  
  158  14:06  Void Ray, Zealot  
  158  14:07  Observer  
  158  14:08  Zealot  
  165  14:10  Stalker  
  165  14:14  Zealot  
  173  14:26  Colossus  
  173  14:27  Stalker  
  173  14:29  Zealot x2  
  185  14:40  Void Ray  
  189  14:55  Colossus  
  195  15:02  Extended Thermal Lance  
  195  15:09  Protoss Ground Weapons Level 1  
  195  15:14  Observer  
  195  15:18  Void Ray  
  195  15:22  Protoss Ground Armor Level 1  
  195  15:23  Pylon  
  199  15:48  Photon Cannon  
  199  15:53  Pylon  
  199  16:20  Stalker  
  199  16:21  Stalker  
  199  16:23  Void Ray, Colossus, Zealot  
  199  16:25  Zealot  
  191  16:27  Observer, Zealot  
  174  16:41  Colossus  
  174  16:42  Stalker  
  174  16:44  Zealot x2  
  174  16:45  Zealot  
  167  16:49  Stalker  
  153  16:58  Zealot  
  143  17:05  Sentry x2  
  143  17:06  Void Ray, Stalker  
  153  17:12  Zealot  
  155  17:18  Observer  
  155  17:19  Zealot  
  158  17:28  Adept, Zealot  
  158  17:29  Zealot  
  164  17:31  Colossus  
  164  17:32  Adept  
  172  17:39  Immortal  
  164  17:49  Void Ray, Sentry  
  164  17:50  Stalker, Zealot  
  166  17:52  Adept  
  156  18:05  Zealot  
  156  18:08  Sentry  
  156  18:11  Zealot  
  162  18:13  Colossus  
  162  18:14  Stalker, Colossus  
  162  18:19  Adept  
  172  18:26  Sentry  
  180  18:32  Void Ray, Stalker  
  186  18:37  Stalker  
  188  18:52  Gateway  
  188  18:54  Twilight Council  
  188  18:57  Robotics Facility  
  188  18:59  Disruptor  
  188  19:00  Observer  
  192  19:11  Stalker  
  192  19:12  Stalker  
  192  19:15  Void Ray  
  200  19:19  Protoss Shields Level 1  
  200  19:27  Protoss Ground Weapons Level 2  
  200  19:33  Immortal, Disruptor, Stalker  
  200  19:34  Stalker  
  200  19:35  Stalker  
  200  19:36  Stalker  
  163  19:45  Stalker  
  163  19:47  Disruptor  
  163  19:48  Void Ray  
  168  19:57  Stalker  
  168  19:58  Stalker  
  168  19:59  High Templar  
  178  20:00  High Templar  
  180  20:09  Immortal, Sentry  
  180  20:10  Archon  
  180  20:11  Disruptor  
  189  20:20  Zealot  
  189  20:21  High Templar  
  189  20:29  Void Ray  
  189  20:31  Adept  
  189  20:32  High Templar  
  189  20:33  Zealot  
  197  20:37  Archon  
  197  20:41  Adept  
  199  22:29  Warp Prism  
  199  22:31  High Templar  
  199  22:32  High Templar  
  199  22:34  Zealot  
  199  22:36  Zealot  
  183  22:38  Zealot  
  183  22:39  Archon  
  183  22:42  Void Ray  
  159  22:45  Colossus  
  159  22:46  Colossus  
  144  22:52  Stalker  
  144  22:53  Adept  
  144  22:54  Zealot  
  123  22:58  Colossus, Zealot  
  123  23:04  Zealot  
  129  23:11  Zealot  
  131  23:13  Sentry  
  131  23:15  Zealot  
  131  23:19  Zealot  
  131  23:22  Void Ray  
  131  23:25  High Templar  
  131  23:27  Zealot  
  135  23:29  Sentry  
  135  23:36  Stalker  
  135  23:39  Zealot  
  135  23:42  Zealot  
  137  23:48  Stalker  
  137  23:54  Zealot  
  141  23:57  Void Ray, Zealot  
  141  23:59  Zealot  
  145  24:03  High Templar  
  145  24:09  Archon  
  151  24:10  Stalker  
  151  24:12  Stalker  
  155  24:18  Zealot  
  155  24:20  Zealot  
  155  24:29  Zealot  
  155  24:31  Stalker  
  159  24:33  High Templar  
  159  24:34  Observer  
  159  24:38  High Templar  
  164  24:40  Zealot  
  164  24:45  Adept  
  168  24:46  Observer  
  157  24:56  Stalker  
  93  25:23  High Templar  
  95  25:29  Adept  
  85  25:55  High Templar  
  87  26:03  Pylon  
  84  26:23  High Templar  
  82  26:51  High Templar  
  82  26:54  Zealot  
  82  27:05  Adept  
  82  27:14  Zealot x2  
  78  27:25  High Templar  
  80  27:34  Zealot  
  78  27:47  Zealot  
  78  27:48  Stalker  
  74  28:06  Zealot  
  74  28:11  Adept  
  76  28:25  High Templar  
  76  28:27  Zealot  
  76  28:31  Pylon  
  78  28:34  Gateway  
  78  28:48  Cybernetics Core  
  68  29:28  Zealot  
  68  29:41  Zealot  
Show
View Real Time Build Order
Export as new Build Order

A.I. 5 (Harder) Protoss 

Build Orders:  

Get SALT Encoding   

  12  0:01  Probe  
  13  0:13  Probe  
  14  0:21  Pylon  
  14  0:25  Probe  
  15  0:35  Probe  
  16  0:43  Probe  
  16  0:48  Assimilator  
  17  0:53  Probe, Gateway  
  18  1:01  Probe  
  18  1:03  Pylon  
  19  1:23  Probe  
  20  1:41  Zealot  
  20  1:43  Cybernetics Core  
  20  1:46  Gateway  
  22  1:48  Assimilator  
  22  1:59  Zealot  
  22  2:06  Pylon  
  24  2:19  Warp Gate  
  24  2:25  Zealot  
  26  2:33  Zealot  
  28  2:48  Stalker  
  28  2:52  Pylon  
  30  3:00  Zealot  
  30  3:05  Probe  
  33  3:12  Stalker  
  33  3:17  Probe  
  36  3:27  Adept, Forge  
  36  3:29  Probe  
  39  3:37  Pylon  
  39  3:41  Probe  
  39  3:42  Stalker  
  42  3:53  Probe  
  43  4:04  Probe  
  44  4:24  Sentry  
  44  4:29  Gateway  
  46  4:32  Sentry  
  46  4:35  Pylon  
  48  4:39  Protoss Ground Weapons Level 1  
  48  4:47  Stalker  
  50  4:54  Stalker  
  48  5:10  Stalker  
  50  5:15  Pylon  
  50  5:17  Adept  
  52  5:25  Stalker  
  52  5:27  Robotics Facility  
  54  5:32  Stalker  
  56  5:39  Sentry  
  58  5:48  Sentry  
  60  5:51  Photon Cannon  
  60  6:01  Photon Cannon  
  60  6:10  Observer  
  60  6:15  Twilight Council  
  61  6:28  Protoss Ground Armor Level 1  
  61  6:31  Nexus, Forge  
  61  6:45  Observer  
  62  6:52  Blink  
  62  7:32  Stargate  
  62  7:38  Stalker  
  61  7:44  Probe x2  
  61  7:46  Stalker  
  62  7:53  Sentry  
  62  7:56  Probe x2  
  66  8:02  Assimilator  
  66  8:04  Pylon  
  66  8:08  Probe  
  66  8:09  Probe  
  66  8:11  Pylon  
  68  8:13  Assimilator  
  68  8:19  Probe  
  69  8:45  Robotics Facility, Nexus  
  69  8:55  Phoenix  
  71  9:05  Immortal  
  75  9:25  Warp Prism  
  75  9:34  Warp Prism  
  79  9:55  Phoenix  
  79  9:58  Observer  
  81  10:06  Warp Prism  
  84  10:15  Probe  
  84  10:18  Probe  
  84  10:19  Immortal  
  84  10:20  Probe  
  91  10:27  Probe  
  92  10:29  Probe  
  92  10:30  Probe  
  94  10:37  Probe  
  94  10:39  Probe  
  96  10:44  Protoss Ground Weapons Level 2  
  96  10:48  Probe x2  
  96  10:49  Protoss Ground Armor Level 2  
  97  10:53  Probe  
  99  11:00  Probe  
  99  11:02  Probe  
  101  11:05  Probe  
  102  11:12  Probe  
  102  11:15  Probe  
  104  11:20  Probe  
  104  11:23  Pylon  
  104  11:25  Probe  
  106  11:31  Void Ray  
  106  11:33  Adept  
  108  11:42  Adept  
  114  11:48  Adept  
  114  11:49  Pylon  
  114  11:51  Adept  
  114  11:53  Robotics Bay  
  118  11:55  Stargate  
  118  11:58  Gateway  
  118  12:03  Adept, Probe  
  118  12:08  Probe  
  122  12:09  Probe, Void Ray  
  122  12:15  Probe, Pylon  
  127  12:20  Probe  
  127  12:21  Probe  
  130  12:28  Probe, Stalker  
  127  12:30  Gravitic Drive, Protoss Air Weapons Level 1  
  127  12:31  Stalker  
  127  12:33  Probe  
  127  12:35  Probe  
  131  12:39  Pylon  
  131  12:43  Resonating Glaives  
  131  12:46  Stargate  
  131  12:53  Gateway  
  131  12:55  Protoss Shields Level 1  
  131  13:03  Assimilator  
  131  13:06  Protoss Ground Weapons Level 3  
  131  13:08  Assimilator  
  131  13:21  Gravitic Boosters  
  131  13:28  Photon Cannon  
  131  13:52  Fleet Beacon  
  131  14:08  Colossus  
  137  14:21  Pylon  
  135  14:33  Colossus  
  141  14:38  Carrier  
  138  14:47  Nexus, Pylon  
  138  14:51  Protoss Air Weapons Level 2  
  137  14:56  Observer, Carrier  
  143  15:01  Extended Thermal Lance  
  143  15:02  Stalker  
  143  15:03  Protoss Shields Level 2  
  142  15:11  Observer  
  143  15:32  Protoss Ground Armor Level 3  
  143  16:04  Assimilator  
  143  16:07  Pylon  
  143  16:09  Pylon  
  143  16:11  Assimilator  
  143  16:18  Pylon  
  143  16:33  Photon Cannon  
  143  16:37  Photon Cannon  
  143  16:43  Photon Cannon  
  143  16:46  Templar Archives  
  143  17:07  Protoss Air Armor Level 1  
  143  17:20  Protoss Shields Level 3  
  143  17:36  Oracle  
  143  17:40  Disruptor  
  149  17:44  Zealot  
  149  17:48  Zealot  
  149  17:49  Disruptor  
  153  17:52  Stalker  
  153  17:55  Stalker  
  154  18:18  Carrier  
  152  18:22  Stalker  
  148  18:35  Oracle  
  148  18:36  Stalker  
  148  18:46  Stalker  
  146  18:49  Protoss Air Weapons Level 3, Stalker  
  148  19:05  Colossus  
  148  19:07  Colossus  
  148  19:08  Colossus  
  148  19:28  Observer  
  148  19:54  Stalker  
  148  19:58  Stalker  
  146  20:01  Stalker  
  146  20:06  Stalker  
  146  20:10  Stalker  
  123  20:14  Zealot  
  123  20:20  Disruptor  
  109  20:21  Disruptor  
  109  20:24  Zealot  
  109  20:28  Stalker  
  114  20:36  Stalker  
  114  20:39  Zealot  
  118  20:43  Zealot  
  118  20:47  Stalker  
  122  20:52  Tempest, Sentry  
  124  20:57  Disruptor  
  124  20:58  Zealot  
  131  21:08  Disruptor  
  137  21:14  Tempest  
  137  21:15  Protoss Air Armor Level 2  
  137  21:18  Sentry  
  144  21:22  Zealot  
  146  23:19  Protoss Air Armor Level 3  
  138  23:26  Stalker  
  136  23:30  Sentry  
  136  23:34  Sentry  
  134  23:38  Stalker  
  132  23:42  Stalker  
  132  23:50  Stalker  
  132  23:54  Stalker  
  136  24:21  Oracle  
  136  24:23  Stalker  
  133  24:29  High Templar  
  133  24:31  Psionic Storm  
  132  24:32  Void Ray  
  132  24:35  High Templar  
  120  24:48  High Templar  
  119  24:54  High Templar  
  121  25:01  Void Ray  
  125  25:07  Sentry  
  125  25:13  Carrier  
  133  25:17  Oracle  
  133  25:19  Sentry  
  135  25:26  Stalker  
  135  25:29  Warp Prism  
  135  25:32  Stalker  
  135  25:39  High Templar, Archon  
  135  25:42  Observer  
  137  25:45  High Templar  
  139  25:55  Archon  
  139  25:56  High Templar  
  141  26:02  High Templar  
  143  26:08  High Templar, Archon  
  145  26:14  High Templar  
  145  26:17  Oracle  
  147  26:18  Immortal  
  147  26:19  Stalker  
  147  26:21  Void Ray  
  147  26:22  Void Ray  
  147  26:23  Immortal  
  165  26:29  Stalker  
  159  26:38  High Templar  
  146  26:44  Void Ray, Sentry  
  136  26:50  High Templar  
  136  26:53  Dark Shrine  
  130  26:57  Sentry  
  130  27:03  High Templar  
  130  27:06  Oracle  
  132  27:10  High Templar  
  132  27:16  High Templar  
  132  27:22  Sentry  
  126  27:29  Stalker  
  122  27:36  Sentry  
  89  27:43  Stalker  
  79  27:44  Stalker  
  79  27:45  Void Ray  
  79  27:46  Stalker, Carrier  
  79  27:47  Stalker  
  81  27:58  Stalker  
  89  28:05  Zealot  
  89  28:10  Zealot  
  89  28:15  Zealot  
  91  28:20  Zealot  
  91  28:24  Dark Templar  
  95  28:29  Stalker  
  96  28:34  Stalker  
  96  28:42  Zealot  
  96  28:43  Zealot  
  82  28:51  Zealot  
  77  28:57  Zealot  
  77  28:59  Warp Prism  
  77  29:00  Zealot  
  73  29:04  Zealot  
  73  29:09  Zealot  
  74  29:14  Zealot  
  66  29:18  Void Ray, Zealot  
  66  29:24  Zealot  
  67  29:38  Zealot  
  67  29:44  Zealot  
  58  29:58  Zealot  
Tags
 
Add a new tag
Caveats
  • Supply blocks, unpowered buildings, or Contaminate may cause inaccurate times.
  • Supply counts are checked every 10 seconds.